 Dungeon Crawl Stone Soup version 0.31.0-11-ge490571c62 (webtiles) character file.

Game seed: 12126550532993292380

52 SmpsonH the Trooper (level 3, -2/29 HPs)
             Began as a Mummy Berserker on Jan 26, 2024.
             Was a Believer of Trog.
             Slain by Terence
             ... wielding a +3 short sword of holy wrath
              (7 damage)
             ... on level 3 of the Dungeon.
             The game lasted 00:09:41 (1974 turns).

SmpsonH the Trooper (Mummy Berserker)               Turns: 1974, Time: 00:09:42

Health: -2/29      AC:  6    Str: 22    XL:     3   Next: 60%
Magic:  3/3        EV: 11    Int:  6    God:    Trog [**....]
Gold:   140        SH:  0    Dex: 11    Spells: 2/2 levels left

rFire   x . .        a - +0 spear
rCold   + . .        (no shield)
rNeg    + + +        h - +1 ring mail {rPois}
rPois   ∞            (no helmet)
rElec   .            (no cloak)
rCorr   .            (no gloves)
SInv    .            (no boots)
Will    ++...        (no amulet)
Stlth   +            (no ring)
HPRegen 1.24/turn    (no ring)
MPRegen 0.08/turn

%: faith
@: strong-willed, regenerating
A: cold resistance 1, negative energy resistance 3, torment resistance 2, heat
vulnerability 1, in touch with death 1, no potions, faith
a: Renounce Religion, Trog's Hand


You were on level 3 of the Dungeon.
You worshipped Trog.
Trog was pleased with you.
You visited 1 branch of the dungeon, and saw 3 of its levels.

You collected 140 gold pieces.

Inventory:

Hand Weapons
 a - a +0 spear (weapon)
Armour
 b - a +0 animal skin
 e - a +0 ring mail
 h - a +1 ring mail of poison resistance (worn)
 i - a +0 chain mail
Scrolls
 c - 4 scrolls of identify {unknown}
 d - a scroll of brand weapon {unknown}
 f - a scroll of teleportation {unknown}
 g - a scroll of fog {unknown}
 j - a scroll of enchant weapon {unknown}


   Skills:
 * Level 3.5 Fighting
 + Level 2.8 Polearms
 + Level 1.0 Throwing
 + Level 2.0 Armour
 + Level 1.6 Dodging


You had 2 spell levels left.
You didn't know any spells.
Your spell library contained the following spells:

 Spells                   Type           Power      Damage    Failure   Level
 Apportation              Tloc           0%         N/A       63%         1
 Jinxbite                 Hex            0%         N/A       77%         2
 Alistair's Intoxication  Alch           0%         N/A       100%        5


Dungeon Overview and Level Annotations

Branches:
Dungeon (3/15)

Altars:

Annotations:
D:3 Terence


Innate Abilities, Weirdness & Mutations

You are immune to poison.
Your flesh is cold resistant. (rC+)
You are immune to negative energy. (rN+++)
You are immune to unholy pain and torment.
You are vulnerable to heat. (rF-)
You are in touch with the powers of death.
You do not drink.
You have a special connection with the divine. (Faith)


Message History

Terence is lightly wounded.
The orc hits you with a +0 hand axe.
Terence hits you with a +3 short sword of holy wrath.
You convulse.
You hit Terence but do no damage.
Terence is lightly wounded.
The orc hits you with a +0 hand axe. Terence barely misses you.
You hit Terence but do no damage.
Terence is lightly wounded.
The orc hits you but does no damage. The rat closely misses you.
Terence hits you with a +3 short sword of holy wrath.
You convulse.
You are too injured to fight recklessly!
Your skin crawls.
You feel strong-willed. The orc hits you with a +0 hand axe.
The rat bites you but does no damage. Terence hits you but does no damage.
You hit the rat.
You kill the rat!
Trog accepts your kill. The orc barely misses you.
Terence hits you but does no damage.
You hit Terence but do no damage.
Terence is lightly wounded.
The orc hits you with a +0 hand axe. Terence barely misses you.
You hit the orc but do no damage. You punch the orc, but do no damage.
The orc hits you with a +0 hand axe.
* * * LOW HITPOINT WARNING * * *
Terence barely misses you.
You barely miss the orc. The orc barely misses you.
Terence shouts, "DIE!!!"
Terence hits you with a +3 short sword of holy wrath.
* * * LOW HITPOINT WARNING * * *
You convulse.
* * * LOW HITPOINT WARNING * * *
You hit the orc but do no damage. The orc closely misses you.
Terence barely misses you.
You closely miss the orc. The orc closely misses you.
Terence hits you with a +3 short sword of holy wrath!
You die...
Terence says, "Rest in peace."

####### #.....#
.....+ ....# ...#
..+## ######'#.##
#.........####
#......@.....#
#......@o....#
#...##'#.#####
#...##.#...
.#####...##.##....
.........'..# .....
######...#####.....
#...(...+.....
####.#..#


You could see Terence and an orc.

Vanquished Creatures
  An adder (D:2)
  A dart slug (D:1)
  A bat (D:1)
  3 endoplasms
  4 giant cockroaches
  8 goblins
  3 hobgoblins (D:1)
  5 quokkas
  2 ball pythons
  5 kobolds
  2 rats
35 creatures vanquished.

Notes
Turn   | Place    | Note
-------+----------+-------------------------------------------
     0 | D:1      | SmpsonH the Mummy Berserker began the quest for the Orb.
     0 | D:1      | Reached XP level 1. HP: 18/18 MP: 1/1
   295 | D:1      | Reached XP level 2. HP: 3/24 MP: 2/2
   809 | D:1      | Reached ** piety under Trog
   826 | D:1      | Reached XP level 3. HP: 4/29 MP: 3/3
  1325 | D:2      | Found a faded altar of an unknown god.
  1514 | D:2      | Reached skill level 1 in Throwing
  1956 | D:3      | Noticed Terence
  1974 | D:3      | Slain by Terence

Illustrated notes

Levels and vault maps discovered:
D:1:      dpeg_arrival_short_road, layout_loops_ring
D:2:      layout_loops_ring, ebering_ecumenical_altar_rust,
          hangedman_decor_peaks_small
D:3:      layout_basic, trog_hazing_becter, uniq_terence

Skill      XL: |  1  2  3 |
---------------+----------+-----
Armour         | 2 |  2.0
Throwing       | 1 |  1.0
Fighting       | |  3.5
Polearms       | |  2.8
Dodging        | |  1.6

Action                     || total
---------------------------++-------
  Melee: Spear             ||   163
         Punch             ||     1
 Invoke: Trog's Hand       ||     1
   Stab: Sleeping          ||     1
 Armour: Animal skin       ||    18
         Ring mail         ||    69
  Dodge: Dodged            ||   104
